 Dungeon Crawl Stone Soup version 0.30-a0-218-gedb9141078 (webtiles) character file.

Game seed: 4645401409033137820

74 funkygono the Firebug (level 4, -3/24 HPs)
             Began as a Gargoyle Fire Elementalist on Oct 4, 2022.
             Slain by a sky beast (4 damage)
             ... on level 2 of the Dungeon on Oct 5, 2022.
             The game lasted 00:04:13 (2493 turns).

funkygono the Firebug (Gargoyle Fire Elementalist)  Turns: 2493, Time: 00:04:14

Health: -3/24      AC:  8    Str: 12    XL:     4   Next: 30%
Magic:  1/8        EV: 12    Int: 17    God:
Gold:   160        SH:  0    Dex: 10    Spells: 2/8 levels left

rFire   . . .      SeeInvis .    o - +0 mace
rCold   . . .      Faith    .    (no shield)
rNeg    + . .      Spirit   .    a - +0 robe
rPois   ∞          Reflect  .    m - +1 helmet
rElec   +          Harm     .    h - +0 cloak
rCorr   .          Rampage  .    (no gloves)
Will    .....                    (no boots)
Stlth   ++........               (no amulet)
HPRegen 0.24/turn                (no ring)
MPRegen 0.11/turn                (no ring)

@: no status effects
A: sickness immunity, AC +3, negative energy resistance 1, electricity
resistance, torment resistance 1, petrification resistance
a: no special abilities


You were on level 2 of the Dungeon.
You visited 1 branch of the dungeon, and saw 3 of its levels.

You collected 160 gold pieces.

Inventory:

Hand Weapons
 o - a +0 mace (weapon)
Armour
 a - a +0 robe (worn)
 h - a +0 cloak (worn)
 m - a +1 helmet (worn)
 n - a +0 buckler
Potions
 b - a potion of magic
 c - a potion of resistance
 d - a potion of invisibility
 e - a potion of lignification
 f - a potion of heal wounds
 i - a potion of attraction {unknown}
 j - a potion of mutation {unknown}
 k - a potion of haste {unknown}
 p - a potion of might {unknown}


   Skills:
 + Level 0.6 Fighting
 + Level 0.1 Maces & Flails
 + Level 2.2 Dodging
 - Level 2.1 Stealth
 + Level 2.6 Spellcasting
 + Level 1.6 Conjurations
 + Level 3.7 Fire Magic


You had 2 spell levels left.
You knew the following spells:

 Your Spells              Type           Power      Damage    Failure   Level
a - Foxfire               Conj/Fire      44%        2x1d6     6%          1
b - Scorch                Fire           30%        2d7       6%          2
c - Kindle Blastsparks    Fire/Tloc/Air  12%        2d11      32%         3

Your spell library contained the following spells:

 Spells                   Type           Power      Damage    Failure   Level
 Inner Flame              Hex/Fire       8%         N/A       26%         3
 Flame Wave               Conj/Fire      11%        2d6       52%         4


Dungeon Overview and Level Annotations

Branches:
Dungeon (3/15)

Altars:

Annotations:
D:3 Grinder


Innate Abilities, Weirdness & Mutations

You are immune to sickness and miasma.
Your stone body is resilient. (AC +3)
You are immune to poison.
You resist negative energy. (rN+)
You are resistant to electric shocks. (rElec)
You are resistant to unholy torment.
You are immune to petrification.


Message History

The sky beast misses you.
Grinder says, "What is the universe for?"
The sky beast flickers out of sight!
Deactivating autopickup; reactivate with Ctrl-A.
Something hits you but does no damage.
You climb upwards.
Reactivating autopickup.
There is a stone staircase leading down here.
Unknown command.
Casting: Foxfire (safe; 6% risk of failure)
Confirm with . or Enter, or press ? or * to list all spells.
You conjure some foxfire!
Something hits you but does no damage.
Deactivating autopickup; reactivate with Ctrl-A.
Casting: Foxfire (safe; 6% risk of failure)
Confirm with . or Enter, or press ? or * to list all spells.
You conjure some foxfire!
The foxfire hits something.
Something hits you but does no damage.
Casting: Foxfire (safe; 6% risk of failure)
Confirm with . or Enter, or press ? or * to list all spells.
You conjure some foxfire!
The foxfire hits something.
The foxfire hits something but does no damage.
The foxfire hits something.
Something hits you. Something shocks you. You resist.
Unknown command.
You closely miss something.
The foxfire hits something.
Something hits you.
* * * LOW HITPOINT WARNING * * *
Something shocks you. You resist.
* * * LOW HITPOINT WARNING * * *
You closely miss something.
Something hits you but does no damage. x2
You completely miss something. Something hits you.
* * * LOW HITPOINT WARNING * * *
Something shocks you. You resist.
* * * LOW HITPOINT WARNING * * *
Unknown command.
Something hits you.
* * * LOW HITPOINT WARNING * * *
Something shocks you. You resist.
* * * LOW HITPOINT WARNING * * *
Something hits you.
You die...

#..# #..#.......#
#..# #...........
#..# #.##........
#..# #.##........
#..# #.##........
#..# #.##.....>..
#..####.##........
#>................
##@....####.#####..
#..###..###.#####..
#..# #.............
#..###..#...######.
#...........# ##
#.#####.#..##
#.#####.#..########
#..<....#......<)..
####.####..###.....


There were no monsters in sight!

Vanquished Creatures
  2 adders (D:2)
  A worm (D:2)
  8 ball pythons
  7 endoplasms
  6 giant cockroaches
  A goblin (D:1)
  2 hobgoblins
  4 jackals (D:1)
  4 quokkas
  4 bats
  A frilled lizard (D:1)
  3 kobolds
  4 rats
47 creatures vanquished.

Vanquished Creatures (others)
  127 foxfires
  5 fungi (D:2)
132 creatures vanquished.

Grand Total: 179 creatures vanquished

Notes
Turn   | Place    | Note
-------+----------+-------------------------------------------
     0 | D:1      | funkygono the Gargoyle Fire Elementalist began the quest
                  | for the Orb.
     0 | D:1      | Reached XP level 1. HP: 10/10 MP: 3/3
   124 | D:1      | Found a faded altar of an unknown god.
   244 | D:1      | Reached XP level 2. HP: 13/16 MP: 0/5
   480 | D:1      | Upgraded the game from 0.30-a0-210-g01b79a254e to
                  | 0.30-a0-218-gedb9141078
   483 | D:1      | Learned a level 2 spell: Scorch
   916 | D:1      | Reached XP level 3. HP: 20/20 MP: 3/6
   920 | D:1      | Learned a level 3 spell: Kindle Blastsparks
  1980 | D:2      | Reached XP level 4. HP: 24/24 MP: 3/7
  2423 | D:3      | Noticed Grinder
  2423 | D:3      | Noticed a sky beast
  2433 | D:3      | Paralysed by Grinder for 2 turns
  2439 | D:3      | Paralysed by Grinder for 5 turns
  2464 | D:3      | Paralysed by Grinder for 3 turns
  2492 | D:2      | HP: 1/24 [something (1)]
  2493 | D:2      | Slain by a sky beast

Illustrated notes

Levels and vault maps discovered:
D:1:      co_arrival_random_square_maze, layout_loops_ring,
          chequers_ecumenical_altar_simple_redux
D:2:      layout_loops_ring, serial_aquarium, aquarium_bridge_long_joined
          [aquarium_subvault_window, aquarium_subvault_bridge,
          aquarium_subvault_bridge, aquarium_subvault_window,
          aquarium_subvault_bridge, aquarium_subvault_wall], aquarium_window_1,
          aquarium_window_fake, aquarium_window_corner, aquarium_view_2c,
          aquarium_view_2c, aquarium_balcony_3a, minmay_shallow_snake_nest
D:3:      cheibrodos_old_hovel, layout_basic, dk_noncrumbling_4, uniq_grinder

Skill      XL: |  1  2 |
---------------+-------+-----
Dodging        | 2 |  2.2
Fighting       | |  0.6
Maces & Flails | |  0.1
Stealth        | |  2.1
Spellcasting   | |  2.6
Conjurations   | |  1.6
Fire Magic     | |  3.7

Action                   |  1- 3 |  4- 6 || total
-------------------------+-------+-------++-------
Melee: Unarmed           |     6 |       ||     6
       Mace              |     4 |    20 ||    24
 Cast: Foxfire           |    52 |    21 ||    73
       Scorch            |     6 |     2 ||     8
  Use: Scroll            |     7 |     2 ||     9
Armor: Robe              |    30 |    28 ||    58
Dodge: Dodged            |    50 |    17 ||    67

Table legend: (Time is in decaauts)
 A = Elapsed time spent in this place.
 B = Non-inter-level travel time spent in this place.
 C = Inter-level travel time spent in this place.
 D = Time resting spent in this place.
 E = Time spent auto-exploring this place.
 F = Levels seen in this place.
 G = Mean time per level.
                   A        B        C        D        E       F      G
               +--------+--------+--------+--------+--------+-----+--------+
         Total |   2502 |   2394 |    108 |     42 |   1825 |   3 |  834.0 |
       Dungeon |   2502 |   2394 |    108 |     42 |   1825 |   3 |  834.0 |
               +--------+--------+--------+--------+--------+-----+--------+

Top non-repeatable levels by time:
     D:1: 1202 daAuts
     D:2: 1152 daAuts
     D:3: 147 daAuts
